Map: Hardwire LE

Players

AngryFrog - Winner!

  • Race: Protoss Protoss
  • League: Master

Lucasdart

  • Race: Terran Terran
  • League: Master

VOD

Have the link to the VOD?

Description

Time

  • Played on: Feb. 8, 2022, 11:14 a.m.
  • Length: 5:03
Show
View Real Time Build Order
Export as new Build Order

AngryFrog Protoss - Winner!

Build Orders: 1 Gate Expand 

Get SALT Encoding   

  12  0:00  Probe  
  13  0:12  Probe  
  14  0:17  Pylon  
  14  0:24  Probe (Chrono Boost)  
  15  0:35  Probe (Chrono Boost)  
  16  0:36  Gateway  
  16  0:42  Probe  
  16  0:46  Assimilator  
  17  0:54  Probe (Chrono Boost)  
  18  1:07  Probe (Chrono Boost)  
  19  1:14  Probe (Chrono Boost)  
  20  1:25  Cybernetics Core  
  20  1:34  Nexus  
  20  1:43  Pylon  
  20  1:45  Probe  
  20  1:50  Assimilator  
  20  1:57  Probe  
  20  2:00  Stalker (Chrono Boost)  
  21  2:02  Warp Gate (Chrono Boost)  
  23  2:09  Probe  
  24  2:21  Pylon, Stalker (Chrono Boost)  
  24  2:27  Probe  
  27  2:39  Gateway  
  28  2:49  Gateway  
  27  2:53  Stalker  
  29  3:07  Gateway  
  29  3:10  Probe  
  30  3:32  Probe x2  
  32  3:43  Stalker x3  
  32  3:44  Probe  
  39  3:53  Pylon  
  39  4:02  Stalker  
  41  4:06  Stalker  
  41  4:07  Stalker  
  45  4:12  Stalker  
  47  4:36  Stalker x4  
  51  5:02  Stalker  
  51  5:03  Stalker  
Show
View Real Time Build Order
Export as new Build Order

Lucasdart Terran 

Build Orders:  

Get SALT Encoding   

  12  0:00  SCV  
  13  0:12  SCV  
  14  0:17  Supply Depot  
  14  0:24  SCV  
  15  0:39  SCV  
  15  0:40  Barracks  
  16  0:44  Refinery  
  16  0:51  SCV  
  17  1:03  SCV  
  18  1:15  SCV  
  19  1:30  Marine  
  19  1:31  Orbital Command  
  20  1:44  Command Center  
  20  1:50  Barracks Reactor  
  20  1:58  SCV  
  20  1:59  Supply Depot  
  21  2:10  SCV  
  21  2:14  Factory  
  22  2:23  SCV  
  22  2:25  Marine  
  22  2:28  Refinery, Marine  
  25  2:35  SCV  
  26  2:44  Marine  
  26  2:45  Marine  
  26  2:47  SCV  
  29  2:57  Orbital Command  
  29  2:59  SCV  
  29  3:00  Starport  
  29  3:02  Widow Mine  
  32  3:11  SCV  
  32  3:20  Bunker  
  32  3:23  SCV  
  32  3:25  Marine, Widow Mine  
  34  3:27  Marine  
  34  3:30  SCV  
  35  3:35  SCV  
  35  3:38  Medivac  
  38  3:43  SCV  
  38  3:44  Marine  
  38  3:45  Marine  
  41  3:50  Widow Mine  
  41  3:53  SCV  
  44  3:59  SCV  
  44  4:01  Supply Depot  
  45  4:04  Marine  
  46  4:10  Supply Depot  
  46  4:11  Starport Tech Lab  
  46  4:14  Barracks  
  46  4:22  Factory Tech Lab, Marine, SCV x2  
  46  4:34  SCV  
  46  4:36  Supply Depot  
  43  4:40  Marine x2  
  45  4:46  SCV  
Tags
 
Add a new tag
Caveats
  • Supply blocks, unpowered buildings, or Contaminate may cause inaccurate times.
  • Supply counts are checked every 10 seconds.